 Dungeon Crawl Stone Soup version 0.31.0-32-g396128a36d (webtiles) character file.

Game seed: 11165141094996269913

53 hawla the Ducker (level 3, -5/30 HPs)
             Began as a Deep Elf Fire Elementalist on Apr 7, 2024.
             Slain by a gnoll
             ... wielding a +0 whip
              (6 damage)
             ... on level 2 of the Dungeon.
             The game lasted 00:03:53 (1475 turns).

hawla the Ducker (Deep Elf Fire Elementalist)       Turns: 1475, Time: 00:03:55

Health: -5/30      AC: 21    Str:  5    XL:     3   Next: 64%
Magic:  1/9        EV:  2    Int: 21    God:
Gold:   42         SH:  0    Dex: 15    Spells: 5/8 levels left

rFire   . . .        c - staff of alchemy
rCold   . . .        (no shield)
rNeg    . . .        a - melded +0 robe
rPois   +            (helmet currently unavailable)
rElec   .            (cloak currently unavailable)
rCorr   .            (gloves currently unavailable)
SInv    .            (boots currently unavailable)
Will    +....        (no amulet)
Stlth   ++           (no ring)
HPRegen 0.25/turn    (no ring)
MPRegen 0.11/turn

%: no passive effects
@: tree-form, enlightened
A: stationary, stasis, torment immunity, boosted hp
a: no special abilities


You were on level 2 of the Dungeon.
You were a tree.
You visited 1 branch of the dungeon, and saw 2 of its levels.

You collected 42 gold pieces.

Inventory:

Armour
 a - a +0 robe (melded)
Magical Staves
 c - a staff of alchemy (weapon)
Jewellery
 d - a +4 ring of protection
Scrolls
 b - 2 scrolls of amnesia
 f - a scroll of identify {unknown}
Potions
 e - a potion of lignification


   Skills:
 - Level 1.4 Fighting
 + Level 0.7 Staves
 - Level 3.5 Dodging
 - Level 2.4 Stealth
 - Level 3.0 Spellcasting
 - Level 1.1 Conjurations
 - Level 3.2 Fire Magic
 + Level 0.7 Alchemy
 + Level 0.8 Evocations


You had 5 spell levels left.
You knew the following spells:

 Your Spells              Type           Power      Damage    Failure   Level
a - Foxfire               Conj/Fire      48%        2x1d6     5%          1
b - Scorch                Fire           32%        2d6       5%          2

Your spell library contained the following spells:

 Spells                   Type           Power      Damage    Failure   Level
 Inner Flame              Hex/Fire       10%        N/A       21%         3
 Volatile Blastmotes      Fire/Tloc      20%        2d11      21%         3
 Flame Wave               Conj/Fire      12%        2d6       47%         4


Dungeon Overview and Level Annotations

Branches:
Dungeon (2/15)

Altars:

Shops:
D:1 (


Message History

Casting: Scorch (safe; 5% risk of failure)
Confirm with . or Enter, or press ? or * to list all spells.
You conjure some foxfire!
The adder closely misses you.
A gnoll comes into view. It is wielding a +0 club.
You barely miss the adder.
The adder is severely wounded.
The foxfire hits the adder.
The adder is burned terribly!
You kill the adder!
Unknown command.
You hit the gnoll.
The gnoll is lightly wounded.
The gnoll hits you with a +0 whip!
You hit the gnoll but do no damage.
The gnoll is lightly wounded.
The gnoll barely misses you.
As you read the scroll labelled FAPPEJUNNI, it crumbles to dust.
It is a scroll of amnesia.
Okay, then.
The gnoll hits you with a +0 whip.
* * * LOW HITPOINT WARNING * * *
Unknown command.
It was a potion of enlightenment.
You feel very buoyant.
You fly up into the air.
It was a potion of lignification.
You turn into a tree.
Your +0 robe melds into your body.
Your roots penetrate the ground.
The gnoll hits you but does no damage. x2
Unknown command.
Okay, then.
Okay, then.
You hit the gnoll.
The gnoll is moderately wounded.
The gnoll hits you but does no damage. x2
You hit the gnoll. You punch the gnoll.
The gnoll is heavily wounded.
The gnoll hits you but does no damage. The gnoll barely misses you.
The gnoll hits you with a +0 club.
* * * LOW HITPOINT WARNING * * *
The gnoll hits you with a +0 whip.
You die...

..)#######
#......g♣#
#.######g#
#.# #.#
##.#######
#.........
#..#######
#..######
.
#.......#


You could see 2 gnolls.

Vanquished Creatures
  A gnoll (D:2)
  An adder (D:2)
  A dart slug (D:1)
  3 endoplasms (D:1)
  2 giant cockroaches (D:1)
  3 hobgoblins
  5 jackals (D:1)
  3 kobolds
  3 quokkas (D:1)
  4 ball pythons (D:1)
  2 frilled lizards (D:1)
  3 rats (D:1)
31 creatures vanquished.

Vanquished Creatures (others)
  90 foxfires
90 creatures vanquished.

Grand Total: 121 creatures vanquished

Notes
Turn   | Place    | Note
-------+----------+-------------------------------------------
     0 | D:1      | hawla the Deep Elf Fire Elementalist began the quest for
                  | the Orb.
     0 | D:1      | Reached XP level 1. HP: 10/10 MP: 6/6
   156 | D:1      | Reached XP level 2. HP: 16/16 MP: 4/8
   161 | D:1      | Reached skill level 1 in Fighting
   825 | D:1      | Reached XP level 3. HP: 20/20 MP: 7/9
   900 | D:1      | Found Ynutum's Antique Weapon Shoppe.
  1437 | D:2      | Learned a level 2 spell: Scorch
  1475 | D:2      | HP: 1/30 [gnoll/+0 club (3)]
  1475 | D:2      | Slain by a gnoll

Illustrated notes

Levels and vault maps discovered:
D:1:      dpeg_arrival_pits, layout_basic, serial_shops,
          nicolae_shop_back_alley_shop
D:2:      layout_basic

Skill      XL: |  1  2 |
---------------+-------+-----
Dodging        | 3 |  3.5
Fighting       | 1 |  1.4
Staves         | |  0.7
Stealth        | |  2.4
Spellcasting   | |  3.0
Conjurations   | |  1.1
Fire Magic     | |  3.2
Alchemy        | |  0.7
Evocations     | |  0.8

Action                     || total
---------------------------++-------
  Melee: Unarmed           ||     3
         Staff             ||     6
         Punch             ||     1
   Cast: Foxfire           ||    52
         Scorch            ||     2
    Use: Potion            ||     3
         Scroll            ||     1
 Armour: Robe              ||    15
         Skin              ||     7
  Dodge: Dodged            ||    15
